Flames vs Sharks

Created - December 20 2011 at 18:12

Goals
1 2 3 T
Flames 1 2 3 6
Sharks 1 2 0 3
Shots
1 2 3 T
Flames 12 10 13 35
Sharks 15 7 6 28

Period #1

1. Flames , Niklas Kronwall 3 (Ryan Kesler, Brenden Morrow) at 4:26 (PP)
2. Sharks , Eric Belanger 4 (Bryan McCabe) at 15:22

Penalties :
Johnny Boychuk (SJS) for Tripping (Minor) at 4:14, Dustin Brown (CGY) for Hooking (Minor) at 9:51, Shane OBrien (SJS) for Hooking (Minor) at 19:18

Period #2

3. Flames , Brenden Morrow 10 (Niklas Kronwall, Miikka Kiprusoff) at 1:10 (PP)
4. Flames , Brenden Morrow 11 (Ryan Kesler, Mikael Samuelsson) at 8:18
5. Sharks , Jeff Skinner 18 (Tyler Ennis, Francois Beauchemin) at 11:26 (PP)
6. Sharks , Shane Doan 10 (Bryan McCabe, Jarret Stoll) at 12:30 (PP)

Penalties :
Marek Zidlicky (SJS) for Goalie Interference (Minor) at 1:19, Mark Stuart (SJS) for Roughing (Minor) at 2:31, Jack Johnson (CGY) for Hooking (Minor) at 9:37, Jack Johnson (CGY) for Hooking (Minor) at 11:49, Shane OBrien (SJS) for Hooking (Minor) at 15:54

Period #3

7. Flames , Mikael Samuelsson 9 (Ryan Kesler, Niklas Kronwall) at 4:30
8. Flames , Dan Hamhuis 5 (Anze Kopitar, Michael Grabner) at 6:16
9. Flames , Jack Johnson 8 (Anze Kopitar, Michael Grabner) at 11:18 (PP)

Penalties :
Jack Johnson (CGY) for Hooking (Minor) at 1:35, Anthony Stewart (SJS) for Tripping (Minor) at 10:54, Niklas Kronwall (CGY) for Tripping (Minor) at 13:37, Jarret Stoll (SJS) for Slashing (Double Minor) at 15:05, Brenden Morrow (CGY) for Roughing (Minor) at 15:05

Goalie Stats

Miikka Kiprusoff (CGY), 25 saves from 28 shots - (0.893), W, 18-7-3, 60:00 minutes
Martin Brodeur (SJS), 5 saves from 6 shots - (0.833), 13:44 minutes
Scott Clemmensen (SJS), 24 saves from 29 shots - (0.828), L, 3-4-1, 46:16 minutes

Players Stats

Flames
Player Name              G  A  P  +/- PIM S  H  SB FO    MP 
------------------------------------------------------------
Alex Steen               0  0  0   0  0   0  2  1  1/1   17 
Andrew MacDonald         0  0  0   0  0   0  0  0  0/0   15 
Anze Kopitar             0  2  2   1  0   8  0  1  21/34 23 
Brenden Morrow           2  1  3   1  2   3  0  0  2/2   22 
Dan Boyle                0  0  0   1  0   3  0  1  0/0   23 
Dan Hamhuis              1  0  1   1  0   2  0  0  0/0   19 
David Jones              0  0  0   0  0   1  1  0  0/0   17 
Devin Setoguchi          0  0  0   0  0   0  0  0  1/2   6  
Dustin Brown             0  0  0   1  2   3  3  0  0/0   14 
Erik Johnson             0  0  0   0  0   2  0  1  0/0   10 
Jack Johnson             1  0  1   0  6   2  3  0  0/0   18 
Jiri Hudler              0  0  0   0  0   0  0  0  0/1   0  
Michael Grabner          0  2  2   1  0   3  0  0  0/0   18 
Mikael Samuelsson        1  1  2   1  0   3  1  0  1/1   14 
Niklas Kronwall          1  2  3   1  2   3  1  1  0/0   22 
Pierre-Marc Bouchard     0  0  0   0  0   0  0  0  9/18  16 
Ryan Kesler              0  3  3   1  0   2  0  0  18/28 22 
Toni Lydman              0  0  0   1  0   0  0  1  0/0   13 
Sharks
Player Name              G  A  P  +/- PIM S  H  SB FO    MP 
------------------------------------------------------------
Alex Tanguay             0  0  0   0  0   2  0  0  2/4   20 
Anthony Stewart          0  0  0  -3  2   2  1  0  1/2   9  
Blake Comeau             0  0  0   0  0   0  0  0  0/0   14 
Bryan McCabe             0  2  2   1  0   0  1  2  0/0   23 
David Moss               0  0  0  -2  0   0  3  0  2/8   18 
Eric Belanger            1  0  1   1  0   3  0  0  8/14  15 
Francois Beauchemin      0  1  1   0  0   2  0  2  0/0   22 
Jarret Stoll             0  1  1   0  4   4  1  0  10/25 16 
Jeff Skinner             1  0  1   0  0   2  0  0  8/26  20 
Johnny Boychuk           0  0  0   0  2   1  2  0  0/0   21 
Lauri Korpikoski         0  0  0  -3  0   2  0  1  1/3   13 
Marek Zidlicky           0  0  0  -3  2   2  0  0  0/0   21 
Mark Stuart              0  0  0   1  2   0  1  0  0/0   14 
Pierre-Alexandre Parente 0  0  0   1  0   3  1  0  1/1   13 
Shane Doan               1  0  1   0  0   5  3  0  0/2   16 
Shane OBrien             0  0  0  -3  4   0  3  1  0/0   14 
Tyler Ennis              0  1  1   0  0   0  3  0  1/2   17 
Vladimir Sobotka         0  0  0   0  0   0  0  0  0/0   1  

3 Stars

1 - Brenden Morrow (CGY)
2 - Niklas Kronwall (CGY)
3 - Mikael Samuelsson (CGY)

Power Play

Flames - 3 on 7 Attempt(s) - 42.86%
Sharks - 2 on 5 Attempt(s) - 40.00%

Penalty Kill

Flames - 3 on 5 Attempt(s) - 60.00% - Score 0 goal in Penalty Kill
Sharks - 4 on 7 Attempt(s) - 57.14% - Score 0 goal in Penalty Kill

Game Notes

Martin Brodeur enters game at 6:16 of 3rd period

Finance

Level 1 -- Attendance: 5094 (78.37%) -- Ticket Income $509,400.00
Level 2 -- Attendance: 3673 (73.46%) -- Ticket Income $220,380.00
Level 3 -- Attendance: 2914 (83.26%) -- Ticket Income $101,990.00
Level 4 -- Attendance: 1496 (100.00%) -- Ticket Income $29,920.00
Luxury Box -- Attendance: 724 (72.40%) -- Ticket Income $144,800.00
Game was played at the HP Pavilion center
Total Attendance: 13901 (79.45%)
Total Ticket Income: $1,059,639.00
Other Income: $204,603.60
Total Income: $1,264,243.00


Play by Play

Period #1

0:01 of 1st period - Tyler Ennis wins face-off versus Ryan Kesler in neutral zone.
0:11 of 1st period - Shot by Alex Tanguay.
0:11 of 1st period - Stopped by Miikka Kiprusoff without a rebound.
0:12 of 1st period - Jarret Stoll wins face-off versus Anze Kopitar in Flames zone.
0:19 of 1st period - Shot by Shane Doan.
0:19 of 1st period - Stopped by Miikka Kiprusoff with a rebound.
0:23 of 1st period - Shot by Jarret Stoll.
0:23 of 1st period - Stopped by Miikka Kiprusoff without a rebound.
0:24 of 1st period - Ryan Kesler wins face-off versus Jeff Skinner in Flames zone.
0:24 of 1st period - Ryan Kesler is hit by Tyler Ennis.
0:43 of 1st period - Icing by Francois Beauchemin.
0:44 of 1st period - Anze Kopitar wins face-off versus Jeff Skinner in Sharks zone.
1:01 of 1st period - Shot by Alex Tanguay.
1:01 of 1st period - Deflect By Jeff Skinner.
1:01 of 1st period - Shot Blocked by Toni Lydman.
1:04 of 1st period - Icing by Anze Kopitar.
1:05 of 1st period - Jarret Stoll wins face-off versus Anze Kopitar in Flames zone.
1:06 of 1st period - Shot by Shane Doan.
1:06 of 1st period - Shot Misses the Net.
1:12 of 1st period - Shot by Dan Hamhuis.
1:12 of 1st period - Stopped by Scott Clemmensen with a rebound.
1:16 of 1st period - Shot by Dustin Brown.
1:16 of 1st period - Shot Blocked by Bryan McCabe.
1:18 of 1st period - Shot by Dan Hamhuis.
1:18 of 1st period - Shot Misses the Net.
1:22 of 1st period - Shot by Anze Kopitar.
1:22 of 1st period - Stopped by Scott Clemmensen without a rebound.
1:23 of 1st period - Ryan Kesler wins face-off versus Eric Belanger in Sharks zone.
1:54 of 1st period - Shot by Eric Belanger.
1:54 of 1st period - Stopped by Miikka Kiprusoff without a rebound.
1:55 of 1st period - Pierre-Marc Bouchard wins face-off versus Jeff Skinner in Flames zone.
2:19 of 1st period - Shot by David Jones.
2:19 of 1st period - Shot Misses the Net.
2:27 of 1st period - Shot by Jeff Skinner.
2:27 of 1st period - Shot Misses the Net.
2:31 of 1st period - Shot by Alex Tanguay.
2:31 of 1st period - Shot Hit the Post.
2:36 of 1st period - Icing by Andrew MacDonald.
2:37 of 1st period - Anthony Stewart wins face-off versus Pierre-Marc Bouchard in Flames zone.
3:29 of 1st period - Shot by Shane Doan.
3:29 of 1st period - Shot Misses the Net.
3:31 of 1st period - Shot by Shane Doan.
3:31 of 1st period - Stopped by Miikka Kiprusoff without a rebound.
3:32 of 1st period - Pierre-Alexandre Parenteau wins face-off versus Anze Kopitar in Flames zone.
3:39 of 1st period - Shot by Bryan McCabe.
3:39 of 1st period - Shot Misses the Net.
3:53 of 1st period - Shot by Eric Belanger.
3:53 of 1st period - Shot Misses the Net.
4:14 of 1st period - Minor Penalty to Johnny Boychuk for Tripping.
4:15 of 1st period - Ryan Kesler wins face-off versus Eric Belanger in Sharks zone.
4:16 of 1st period - Shot by Niklas Kronwall.
4:16 of 1st period - Stopped by Scott Clemmensen with a rebound.
4:18 of 1st period - Shot by Niklas Kronwall.
4:18 of 1st period - Shot Misses the Net.
4:20 of 1st period - Shot by Erik Johnson.
4:20 of 1st period - Stopped by Scott Clemmensen with a rebound.
4:22 of 1st period - Shot by Brenden Morrow.
4:22 of 1st period - Shot Misses the Net.
4:24 of 1st period - Shot by Ryan Kesler.
4:24 of 1st period - Shot Misses the Net.
4:26 of 1st period - Shot by Niklas Kronwall.
4:26 of 1st period - Goal by Niklas Kronwall - Flames : 1 - Sharks : 0.
4:27 of 1st period - Jeff Skinner wins face-off versus Ryan Kesler in neutral zone.
5:22 of 1st period - Icing by Marek Zidlicky.
5:23 of 1st period - Jarret Stoll wins face-off versus Anze Kopitar in Sharks zone.
5:41 of 1st period - Shot by Anze Kopitar.
5:41 of 1st period - Shot Misses the Net.
5:43 of 1st period - Shot by Anze Kopitar.
5:43 of 1st period - Stopped by Scott Clemmensen without a rebound.
5:44 of 1st period - Pierre-Marc Bouchard wins face-off versus Lauri Korpikoski in Sharks zone.
6:01 of 1st period - Shot by Anthony Stewart.
6:01 of 1st period - Stopped by Miikka Kiprusoff with a rebound.
6:13 of 1st period - Shot by Lauri Korpikoski.
6:13 of 1st period - Stopped by Miikka Kiprusoff without a rebound.
6:14 of 1st period - Anze Kopitar wins face-off versus Jeff Skinner in Flames zone.
7:23 of 1st period - Off-side.
7:24 of 1st period - Eric Belanger wins face-off versus Pierre-Marc Bouchard in neutral zone.
7:38 of 1st period - Shot by Eric Belanger.
7:38 of 1st period - Stopped by Miikka Kiprusoff without a rebound.
7:39 of 1st period - Jarret Stoll wins face-off versus Ryan Kesler in Flames zone.
8:37 of 1st period - Shot by Alex Steen.
8:37 of 1st period - Shot Misses the Net.
8:47 of 1st period - Shot by Jack Johnson.
8:47 of 1st period - Stopped by Scott Clemmensen with a rebound.
9:08 of 1st period - Icing by Marek Zidlicky.
9:09 of 1st period - Anze Kopitar wins face-off versus Jarret Stoll in Sharks zone.
9:40 of 1st period - Shot by Michael Grabner.
9:40 of 1st period - Shot Blocked by Bryan McCabe.
9:51 of 1st period - Minor Penalty to Dustin Brown for Hooking.
9:52 of 1st period - Anze Kopitar wins face-off versus Alex Tanguay in Flames zone.
9:58 of 1st period - Icing by Tyler Ennis.
9:59 of 1st period - Anze Kopitar wins face-off versus Jeff Skinner in Sharks zone.
11:00 of 1st period - Shot by Eric Belanger.
11:00 of 1st period - Shot Misses the Net.
11:04 of 1st period - Shot by Pierre-Alexandre Parenteau.
11:04 of 1st period - Shot Blocked by Alex Steen.
11:08 of 1st period - Shot by Lauri Korpikoski.
11:08 of 1st period - Stopped by Miikka Kiprusoff without a rebound.
11:09 of 1st period - Anze Kopitar wins face-off versus Jeff Skinner in Flames zone.
11:58 of 1st period - Icing by David Jones.
11:59 of 1st period - Lauri Korpikoski wins face-off versus Pierre-Marc Bouchard in Flames zone.
12:00 of 1st period - Shot by Anthony Stewart.
12:00 of 1st period - Stopped by Miikka Kiprusoff without a rebound.
12:01 of 1st period - Anze Kopitar wins face-off versus David Moss in Flames zone.
12:01 of 1st period - Anze Kopitar is hit by Anthony Stewart.
12:17 of 1st period - Shot by Anze Kopitar.
12:17 of 1st period - Shot Misses the Net.
12:42 of 1st period - Icing by Erik Johnson.
12:43 of 1st period - Anze Kopitar wins face-off versus Eric Belanger in Flames zone.
13:02 of 1st period - Shot by Pierre-Alexandre Parenteau.
13:02 of 1st period - Stopped by Miikka Kiprusoff with a rebound.
13:12 of 1st period - Shot by Eric Belanger.
13:12 of 1st period - Shot Misses the Net.
13:27 of 1st period - Shot by Tyler Ennis.
13:27 of 1st period - Shot Blocked by Erik Johnson.
13:41 of 1st period - Shot by Ryan Kesler.
13:41 of 1st period - Shot Hit the Post.
14:10 of 1st period - Shot by Brenden Morrow.
14:10 of 1st period - Stopped by Scott Clemmensen without a rebound.
14:11 of 1st period - Jarret Stoll wins face-off versus Pierre-Marc Bouchard in Sharks zone.
14:42 of 1st period - Shot by Jarret Stoll.
14:42 of 1st period - Stopped by Miikka Kiprusoff with a rebound.
14:44 of 1st period - Shot by Marek Zidlicky.
14:44 of 1st period - Shot Misses the Net.
14:46 of 1st period - Shot by Shane Doan.
14:46 of 1st period - Shot Misses the Net.
14:48 of 1st period - Shot by Jarret Stoll.
14:48 of 1st period - Stopped by Miikka Kiprusoff with a rebound.
15:14 of 1st period - Shot by Ryan Kesler.
15:14 of 1st period - Stopped by Scott Clemmensen with a rebound.
15:22 of 1st period - Shot by Eric Belanger.
15:22 of 1st period - Goal by Eric Belanger - Flames : 1 - Sharks : 1.
15:23 of 1st period - Ryan Kesler wins face-off versus Tyler Ennis in neutral zone.
15:32 of 1st period - Shot by Mikael Samuelsson.
15:32 of 1st period - Stopped by Scott Clemmensen with a rebound.
15:36 of 1st period - Shot by Niklas Kronwall.
15:36 of 1st period - Shot Misses the Net.
16:18 of 1st period - Shot by Anze Kopitar.
16:18 of 1st period - Shot Misses the Net.
16:20 of 1st period - Shot by Dustin Brown.
16:20 of 1st period - Shot Misses the Net.
16:22 of 1st period - Shot by Toni Lydman.
16:22 of 1st period - Deflect By Anze Kopitar.
16:22 of 1st period - Stopped by Scott Clemmensen without a rebound.
16:23 of 1st period - Jarret Stoll wins face-off versus Pierre-Marc Bouchard in Sharks zone.
16:32 of 1st period - Shot by Shane Doan.
16:32 of 1st period - Stopped by Miikka Kiprusoff without a rebound.
16:33 of 1st period - David Moss wins face-off versus Pierre-Marc Bouchard in Flames zone.
16:33 of 1st period - David Moss is hit by Jack Johnson.
16:52 of 1st period - Off-side.
16:53 of 1st period - Eric Belanger wins face-off versus Ryan Kesler in neutral zone.
17:22 of 1st period - Ryan Kesler is hit by Mark Stuart and loses puck.
18:54 of 1st period - Off-side.
18:55 of 1st period - Brenden Morrow wins face-off versus Jarret Stoll in neutral zone.
19:04 of 1st period - Dan Boyle is hit by Jarret Stoll and loses puck.
19:14 of 1st period - Dan Boyle is hit by Shane OBrien and loses puck.
19:17 of 1st period - Shot by Ryan Kesler.
19:17 of 1st period - Shot Misses the Net.
19:18 of 1st period - Minor Penalty to Shane OBrien for Hooking.
19:19 of 1st period - Anze Kopitar wins face-off versus Jeff Skinner in Sharks zone.
19:20 of 1st period - Shot by Dan Boyle.
19:20 of 1st period - Stopped by Scott Clemmensen without a rebound.
19:21 of 1st period - Jeff Skinner wins face-off versus Anze Kopitar in Sharks zone.

Period #2

0:01 of 2nd period - Eric Belanger wins face-off versus Anze Kopitar in neutral zone.
1:10 of 2nd period - Shot by Niklas Kronwall.
1:10 of 2nd period - Deflect By Brenden Morrow.
1:10 of 2nd period - Goal by Brenden Morrow - Flames : 2 - Sharks : 1.
1:11 of 2nd period - Pierre-Marc Bouchard wins face-off versus Jarret Stoll in neutral zone.
1:11 of 2nd period - Pierre-Marc Bouchard is hit by Shane Doan.
1:19 of 2nd period - Minor Penalty to Marek Zidlicky for Goalie Interference.
1:20 of 2nd period - Eric Belanger wins face-off versus Ryan Kesler in Sharks zone.
2:30 of 2nd period - Shot by Michael Grabner.
2:30 of 2nd period - Shot Misses the Net.
2:31 of 2nd period - Minor Penalty to Mark Stuart for Roughing.
2:32 of 2nd period - Ryan Kesler wins face-off versus Jarret Stoll in Sharks zone.
2:33 of 2nd period - Shot by Erik Johnson.
2:33 of 2nd period - Stopped by Scott Clemmensen without a rebound.
2:34 of 2nd period - Ryan Kesler wins face-off versus Jarret Stoll in Sharks zone.
2:50 of 2nd period - Off-side.
2:51 of 2nd period - Eric Belanger wins face-off versus Anze Kopitar in neutral zone.
3:13 of 2nd period - Shot by Dustin Brown.
3:13 of 2nd period - Stopped by Scott Clemmensen with a rebound.
3:15 of 2nd period - Shot by Anze Kopitar.
3:15 of 2nd period - Shot Misses the Net.
3:17 of 2nd period - Shot by Dustin Brown.
3:17 of 2nd period - Stopped by Scott Clemmensen with a rebound.
3:35 of 2nd period - Johnny Boychuk is hit by David Jones and loses puck.
3:45 of 2nd period - Niklas Kronwall is hit by Shane OBrien and loses puck.
4:15 of 2nd period - Jeff Skinner is hit by Dustin Brown and loses puck.
4:44 of 2nd period - Shot by Alex Steen.
4:44 of 2nd period - Shot Misses the Net.
5:04 of 2nd period - Shot by Alex Steen.
5:04 of 2nd period - Shot Misses the Net.
5:08 of 2nd period - Shot by Alex Steen.
5:08 of 2nd period - Shot Misses the Net.
5:27 of 2nd period - Icing by Mark Stuart.
5:28 of 2nd period - Eric Belanger wins face-off versus Anze Kopitar in Sharks zone.
5:49 of 2nd period - Shot by Dustin Brown.
5:49 of 2nd period - Shot Misses the Net.
5:57 of 2nd period - Alex Tanguay is hit by Dustin Brown and loses puck.
6:43 of 2nd period - Bryan McCabe is hit by Alex Steen.
8:16 of 2nd period - Shot by Ryan Kesler.
8:16 of 2nd period - Stopped by Scott Clemmensen with a rebound.
8:18 of 2nd period - Shot by Brenden Morrow.
8:18 of 2nd period - Goal by Brenden Morrow - Flames : 3 - Sharks : 1.
8:19 of 2nd period - Jeff Skinner wins face-off versus Jiri Hudler in neutral zone.
8:30 of 2nd period - Shot by Jeff Skinner.
8:30 of 2nd period - Deflect By Shane Doan.
8:30 of 2nd period - Stopped by Miikka Kiprusoff without a rebound.
8:31 of 2nd period - Ryan Kesler wins face-off versus David Moss in Flames zone.
8:57 of 2nd period - Icing by Niklas Kronwall.
8:58 of 2nd period - Jeff Skinner wins face-off versus Ryan Kesler in Flames zone.
9:37 of 2nd period - Minor Penalty to Jack Johnson for Hooking.
9:38 of 2nd period - Ryan Kesler wins face-off versus Jarret Stoll in Flames zone.
9:38 of 2nd period - Ryan Kesler is hit by Shane Doan.
10:06 of 2nd period - Shot by Jarret Stoll.
10:06 of 2nd period - Stopped by Miikka Kiprusoff with a rebound.
10:34 of 2nd period - Shot by Francois Beauchemin.
10:34 of 2nd period - Shot Misses the Net.
10:36 of 2nd period - Shot by Johnny Boychuk.
10:36 of 2nd period - Shot Misses the Net.
10:38 of 2nd period - Shot by Tyler Ennis.
10:38 of 2nd period - Shot Misses the Net.
10:40 of 2nd period - Shot by Francois Beauchemin.
10:40 of 2nd period - Stopped by Miikka Kiprusoff without a rebound.
10:41 of 2nd period - Jarret Stoll wins face-off versus Pierre-Marc Bouchard in Flames zone.
11:26 of 2nd period - Shot by Jeff Skinner.
11:26 of 2nd period - Goal by Jeff Skinner - Flames : 3 - Sharks : 2.
11:27 of 2nd period - Pierre-Marc Bouchard wins face-off versus Jarret Stoll in neutral zone.
11:43 of 2nd period - Marek Zidlicky is hit by Jack Johnson and loses puck.
11:49 of 2nd period - Minor Penalty to Jack Johnson for Hooking.
11:50 of 2nd period - Ryan Kesler wins face-off versus Jeff Skinner in Flames zone.
11:50 of 2nd period - Ryan Kesler is hit by Tyler Ennis.
11:57 of 2nd period - Icing by Francois Beauchemin.
11:58 of 2nd period - Jeff Skinner wins face-off versus Ryan Kesler in Sharks zone.
12:00 of 2nd period - Icing by Alex Tanguay.
12:01 of 2nd period - Alex Tanguay wins face-off versus Anze Kopitar in Sharks zone.
12:16 of 2nd period - Shot by Jeff Skinner.
12:16 of 2nd period - Shot Blocked by Dan Boyle.
12:18 of 2nd period - Shot by Francois Beauchemin.
12:18 of 2nd period - Stopped by Miikka Kiprusoff without a rebound.
12:19 of 2nd period - Ryan Kesler wins face-off versus Jarret Stoll in Flames zone.
12:30 of 2nd period - Shot by Shane Doan.
12:30 of 2nd period - Goal by Shane Doan - Flames : 3 - Sharks : 3.
12:31 of 2nd period - David Moss wins face-off versus Pierre-Marc Bouchard in neutral zone.
13:27 of 2nd period - Pierre-Alexandre Parenteau is hit by Jack Johnson and loses puck.
13:56 of 2nd period - Icing by Dustin Brown.
13:57 of 2nd period - Jeff Skinner wins face-off versus Anze Kopitar in Flames zone.
14:21 of 2nd period - Shot by Anze Kopitar.
14:21 of 2nd period - Shot Misses the Net.
14:25 of 2nd period - Shot by Michael Grabner.
14:25 of 2nd period - Deflect By Dustin Brown.
14:25 of 2nd period - Shot Blocked by Francois Beauchemin.
14:39 of 2nd period - Shot by Dan Boyle.
14:39 of 2nd period - Stopped by Scott Clemmensen without a rebound.
14:40 of 2nd period - Jarret Stoll wins face-off versus Ryan Kesler in Sharks zone.
15:28 of 2nd period - Off-side.
15:29 of 2nd period - Alex Steen wins face-off versus David Moss in neutral zone.
15:29 of 2nd period - Jack Johnson is hit by David Moss and loses puck.
15:42 of 2nd period - Pierre-Marc Bouchard is hit by Shane OBrien and loses puck.
15:54 of 2nd period - Minor Penalty to Shane OBrien for Hooking.
15:55 of 2nd period - Eric Belanger wins face-off versus Anze Kopitar in Sharks zone.
15:55 of 2nd period - Eric Belanger is hit by Dustin Brown.
16:29 of 2nd period - Shot by Jack Johnson.
16:29 of 2nd period - Shot Misses the Net.
17:56 of 2nd period - Shot by Michael Grabner.
17:56 of 2nd period - Stopped by Scott Clemmensen without a rebound.
17:57 of 2nd period - Pierre-Marc Bouchard wins face-off versus Jeff Skinner in Sharks zone.
18:20 of 2nd period - Shot by Jeff Skinner.
18:20 of 2nd period - Stopped by Miikka Kiprusoff with a rebound.
19:48 of 2nd period - Shot by Michael Grabner.
19:48 of 2nd period - Stopped by Scott Clemmensen with a rebound.
19:52 of 2nd period - Shot by Anze Kopitar.
19:52 of 2nd period - Stopped by Scott Clemmensen without a rebound.
19:53 of 2nd period - Anze Kopitar wins face-off versus Jeff Skinner in Sharks zone.
19:53 of 2nd period - Anze Kopitar is hit by Johnny Boychuk.

Period #3

0:01 of 3rd period - Ryan Kesler wins face-off versus Jeff Skinner in neutral zone.
0:04 of 3rd period - Shot by Dan Boyle.
0:04 of 3rd period - Shot Blocked by Francois Beauchemin.
0:06 of 3rd period - Shot by Dan Boyle.
0:06 of 3rd period - Stopped by Scott Clemmensen without a rebound.
0:07 of 3rd period - Anze Kopitar wins face-off versus Shane Doan in Sharks zone.
0:48 of 3rd period - Shot by Anze Kopitar.
0:48 of 3rd period - Stopped by Scott Clemmensen without a rebound.
0:49 of 3rd period - Brenden Morrow wins face-off versus Jeff Skinner in Sharks zone.
1:07 of 3rd period - Tyler Ennis is hit by Niklas Kronwall and loses puck.
1:12 of 3rd period - Shot by Jeff Skinner.
1:12 of 3rd period - Shot Misses the Net.
1:16 of 3rd period - Shot by Alex Tanguay.
1:16 of 3rd period - Stopped by Miikka Kiprusoff without a rebound.
1:17 of 3rd period - Pierre-Marc Bouchard wins face-off versus David Moss in Flames zone.
1:35 of 3rd period - Minor Penalty to Jack Johnson for Hooking.
1:36 of 3rd period - Anze Kopitar wins face-off versus Jeff Skinner in Flames zone.
1:42 of 3rd period - Icing by Francois Beauchemin.
1:43 of 3rd period - Ryan Kesler wins face-off versus Jeff Skinner in Sharks zone.
2:05 of 3rd period - Shot by Alex Tanguay.
2:05 of 3rd period - Shot Misses the Net.
2:07 of 3rd period - Shot by Francois Beauchemin.
2:07 of 3rd period - Shot Misses the Net.
2:09 of 3rd period - Shot by Johnny Boychuk.
2:09 of 3rd period - Stopped by Miikka Kiprusoff with a rebound.
2:11 of 3rd period - Shot by Johnny Boychuk.
2:11 of 3rd period - Shot Blocked by Anze Kopitar.
2:13 of 3rd period - Shot by Alex Tanguay.
2:13 of 3rd period - Shot Blocked by Niklas Kronwall.
2:25 of 3rd period - Shot by Marek Zidlicky.
2:25 of 3rd period - Stopped by Miikka Kiprusoff without a rebound.
2:26 of 3rd period - Ryan Kesler wins face-off versus Jarret Stoll in Flames zone.
2:26 of 3rd period - Ryan Kesler is hit by Shane Doan.
3:00 of 3rd period - Shot by Marek Zidlicky.
3:00 of 3rd period - Stopped by Miikka Kiprusoff without a rebound.
3:01 of 3rd period - Anze Kopitar wins face-off versus Jeff Skinner in Flames zone.
3:01 of 3rd period - Anze Kopitar is hit by Tyler Ennis.
3:22 of 3rd period - Icing by Alex Tanguay.
3:23 of 3rd period - Ryan Kesler wins face-off versus Jeff Skinner in Sharks zone.
3:40 of 3rd period - Shot by Pierre-Alexandre Parenteau.
3:40 of 3rd period - Stopped by Miikka Kiprusoff without a rebound.
3:41 of 3rd period - Anze Kopitar wins face-off versus David Moss in Flames zone.
4:10 of 3rd period - Shot by Michael Grabner.
4:10 of 3rd period - Deflect By Anze Kopitar.
4:10 of 3rd period - Stopped by Scott Clemmensen with a rebound.
4:12 of 3rd period - Shot by Dan Hamhuis.
4:12 of 3rd period - Shot Misses the Net.
4:16 of 3rd period - Shot by Michael Grabner.
4:16 of 3rd period - Stopped by Scott Clemmensen with a rebound.
4:28 of 3rd period - Shot by Ryan Kesler.
4:28 of 3rd period - Shot Misses the Net.
4:30 of 3rd period - Shot by Mikael Samuelsson.
4:30 of 3rd period - Goal by Mikael Samuelsson - Flames : 4 - Sharks : 3.
4:31 of 3rd period - Eric Belanger wins face-off versus Pierre-Marc Bouchard in neutral zone.
5:10 of 3rd period - Shot by Pierre-Alexandre Parenteau.
5:10 of 3rd period - Shot Misses the Net.
5:18 of 3rd period - Jeff Skinner is hit by Alex Steen and loses puck.
6:00 of 3rd period - Shot by Ryan Kesler.
6:00 of 3rd period - Deflect By Mikael Samuelsson.
6:00 of 3rd period - Stopped by Scott Clemmensen without a rebound.
6:01 of 3rd period - Anze Kopitar wins face-off versus Lauri Korpikoski in Sharks zone.
6:06 of 3rd period - Shot by Michael Grabner.
6:06 of 3rd period - Shot Misses the Net.
6:08 of 3rd period - Shot by Dan Hamhuis.
6:08 of 3rd period - Deflect By Michael Grabner.
6:08 of 3rd period - Shot Blocked by Shane OBrien.
6:10 of 3rd period - Shot by Dan Hamhuis.
6:10 of 3rd period - Shot Misses the Net.
6:14 of 3rd period - Shot by Anze Kopitar.
6:14 of 3rd period - Shot Misses the Net.
6:16 of 3rd period - Shot by Dan Hamhuis.
6:16 of 3rd period - Goal by Dan Hamhuis - Flames : 5 - Sharks : 3.
6:16 of 3rd period - Martin Brodeur enters game.
6:17 of 3rd period - Jarret Stoll wins face-off versus Anze Kopitar in neutral zone.
6:28 of 3rd period - Shot by Jarret Stoll.
6:28 of 3rd period - Shot Misses the Net.
6:45 of 3rd period - Icing by Marek Zidlicky.
6:46 of 3rd period - Jarret Stoll wins face-off versus Ryan Kesler in Sharks zone.
6:55 of 3rd period - Off-side.
6:56 of 3rd period - Pierre-Marc Bouchard wins face-off versus Alex Tanguay in neutral zone.
7:01 of 3rd period - Shot by David Jones.
7:01 of 3rd period - Stopped by Martin Brodeur without a rebound.
7:02 of 3rd period - Jeff Skinner wins face-off versus Ryan Kesler in Sharks zone.
7:32 of 3rd period - Icing by Niklas Kronwall.
7:33 of 3rd period - Ryan Kesler wins face-off versus Anthony Stewart in Flames zone.
8:45 of 3rd period - Off-side.
8:46 of 3rd period - Anze Kopitar wins face-off versus Jarret Stoll in neutral zone.
8:48 of 3rd period - Off-side.
8:49 of 3rd period - Anze Kopitar wins face-off versus Jarret Stoll in neutral zone.
9:06 of 3rd period - Shot by Dustin Brown.
9:06 of 3rd period - Stopped by Martin Brodeur without a rebound.
9:07 of 3rd period - Ryan Kesler wins face-off versus Jeff Skinner in Sharks zone.
9:17 of 3rd period - Dan Boyle is hit by Johnny Boychuk and loses puck.
10:03 of 3rd period - Off-side.
10:04 of 3rd period - Anze Kopitar wins face-off versus Jarret Stoll in neutral zone.
10:17 of 3rd period - Shot by Anze Kopitar.
10:17 of 3rd period - Stopped by Martin Brodeur with a rebound.
10:32 of 3rd period - Michael Grabner is hit by Bryan McCabe and loses puck.
10:54 of 3rd period - Minor Penalty to Anthony Stewart for Tripping.
10:55 of 3rd period - Ryan Kesler wins face-off versus Eric Belanger in Sharks zone.
11:00 of 3rd period - Shot by Ryan Kesler.
11:00 of 3rd period - Shot Blocked by Lauri Korpikoski.
11:02 of 3rd period - Shot by Niklas Kronwall.
11:02 of 3rd period - Shot Misses the Net.
11:04 of 3rd period - Shot by Brenden Morrow.
11:04 of 3rd period - Shot Misses the Net.
11:08 of 3rd period - Shot by Niklas Kronwall.
11:08 of 3rd period - Stopped by Martin Brodeur without a rebound.
11:09 of 3rd period - Anze Kopitar wins face-off versus Eric Belanger in Sharks zone.
11:16 of 3rd period - Shot by Michael Grabner.
11:16 of 3rd period - Deflect By Anze Kopitar.
11:16 of 3rd period - Stopped by Martin Brodeur with a rebound.
11:18 of 3rd period - Shot by Jack Johnson.
11:18 of 3rd period - Goal by Jack Johnson - Flames : 6 - Sharks : 3.
11:19 of 3rd period - Pierre-Marc Bouchard wins face-off versus David Moss in neutral zone.
11:19 of 3rd period - Andrew MacDonald is hit by David Moss and loses puck.
11:52 of 3rd period - Pierre-Marc Bouchard is hit by David Moss and loses puck.
12:17 of 3rd period - Shot by Alex Tanguay.
12:17 of 3rd period - Shot Misses the Net.
12:36 of 3rd period - Off-side.
12:37 of 3rd period - Anze Kopitar wins face-off versus Eric Belanger in neutral zone.
12:37 of 3rd period - Michael Grabner is hit by Pierre-Alexandre Parenteau and loses puck.
12:46 of 3rd period - Shot by Pierre-Alexandre Parenteau.
12:46 of 3rd period - Stopped by Miikka Kiprusoff without a rebound.
12:47 of 3rd period - Mikael Samuelsson wins face-off versus Jarret Stoll in Flames zone.
12:54 of 3rd period - Marek Zidlicky is hit by Mikael Samuelsson and loses puck.
13:34 of 3rd period - Shot by Eric Belanger.
13:34 of 3rd period - Shot Misses the Net.
13:37 of 3rd period - Minor Penalty to Niklas Kronwall for Tripping.
13:38 of 3rd period - Devin Setoguchi wins face-off versus Jeff Skinner in Flames zone.
14:54 of 3rd period - Icing by Francois Beauchemin.
14:55 of 3rd period - Alex Tanguay wins face-off versus Anze Kopitar in Sharks zone.
15:05 of 3rd period - Double Minor Penalty to Jarret Stoll for Slashing.
15:05 of 3rd period - Minor Penalty to Brenden Morrow for Roughing.
15:06 of 3rd period - Ryan Kesler wins face-off versus Shane Doan in neutral zone.
17:12 of 3rd period - Icing by David Jones.
17:13 of 3rd period - Jeff Skinner wins face-off versus Devin Setoguchi in Flames zone.
19:16 of 3rd period - Icing by Shane Doan.
19:17 of 3rd period - Anze Kopitar wins face-off versus Jarret Stoll in Sharks zone.
19:43 of 3rd period - Icing by Pierre-Alexandre Parenteau.
19:44 of 3rd period - Pierre-Marc Bouchard wins face-off versus Jarret Stoll in Sharks zone.
19:57 of 3rd period - Shot by Alex Steen.
19:57 of 3rd period - Shot Misses the Net.


Output by the SimonT Hockey Simulator (STHS) for Stephane Roy -- Original Page W3C XHTML 1.0 Valid